 Dungeon Crawl Stone Soup version 0.29-a0-356-g7bc237e783 (webtiles) character file.

Game seed: 12129139034940345791

15576 jaega1 the Severer (level 12, -2/91 HPs)
             Began as a Hill Orc Fighter on Apr 25, 2022.
             Was an Initiate of Yredelemnul.
             Slain by an elephant (4 damage)
             ... on level 2 of the Lair of Beasts.
             The game lasted 00:42:33 (14511 turns).

jaega1 the Severer (Hill Orc Fighter)              Turns: 14511, Time: 00:42:35

Health: -2/91      AC: 13    Str: 20    XL:     12   Next: 28%
Magic:  18/18      EV: 28    Int:  8    God:    Yredelemnul [......]
Gold:   492        SH:  6    Dex: 14    Spells: 11/11 levels left

rFire   + . .      SeeInvis +   B - +2 war axe (flame)
rCold   . . .      Faith    .   c - +0 buckler
rNeg    . . .      Spirit   .   k - +2 leather armour of the Many Runes {rF+ Will+}
rPois   .          Reflect  .   j - +1 helmet
rElec   .          Harm     .   (no cloak)
rCorr   +          Rampage  .   L - +2 pair of gloves
Will    +....                   e - +0 pair of boots
Stlth   +.........              O - amulet of the acrobat
HPRegen 0.25/turn               h - ring of see invisible
MPRegen 0.16/turn               H - ring of resist corrosion

@: acrobatic, hasted, very quick
A: no striking features
a: Renounce Religion, Recall Undead Harvest


You were on level 2 of the Lair of Beasts.
You worshipped Yredelemnul.
Yredelemnul was aware of your devotion.
You visited 2 branches of the dungeon, and saw 11 of its levels.

You collected 661 gold pieces.
You spent 169 gold pieces at shops.

Inventory:

Hand Weapons
 i - a +2 hand axe of venom
 B - a +2 war axe of flaming (weapon)
 M - a +3 battleaxe of freezing
Armour
 b - a +0 scale mail
 c - a +0 buckler (worn)
 e - a +0 pair of boots (worn)
 j - a +1 helmet (worn)
 k - the +2 leather armour of the Many Runes (worn) {rF+ Will+}
   (You found it on level 3 of the Dungeon)

   rF:        It protects you from fire.
   Will:      It increases your willpower.
 u - a +2 hat of see invisible
 L - a +2 pair of gloves (worn)
 N - a +1 pair of gloves
Jewellery
 f - a ring of fire
 h - a ring of see invisible (left hand)
 y - a ring of ice
 G - a ring of flight
 H - a ring of resist corrosion (right hand)
 O - an amulet of the acrobat (around neck)
Wands
 o - a wand of flame (11)
 A - a wand of iceblast (3)
 J - a wand of charming (14)
 K - a wand of acid (8)
Scrolls
 m - a scroll of teleportation
 p - a scroll of enchant armour
 s - a scroll of enchant weapon
 w - a scroll of fog
 x - 2 scrolls of blinking
Potions
 a - a potion of experience {unknown}
 d - 2 potions of might
 g - 3 potions of heal wounds
 l - a potion of haste
 n - 2 potions of curing
 r - a potion of lignification
 t - 4 potions of brilliance {unknown}
 v - a potion of ambrosia
 z - 2 potions of degeneration {unknown}
 C - 2 potions of cancellation {unknown}
 I - a potion of attraction {unknown}
 P - a potion of mutation {unknown}


   Skills:
 - Level 3.6 Fighting
 - Level 17.3 Axes
 * Level 10.0 Armour
 - Level 5.0 Dodging
 - Level 9.0 Shields
 - Level 8.2 Invocations


You had 11 spell levels left.
You didn't know any spells.
Your spell library contained the following spells:

 Spells                   Type           Power      Damage    Failure   Level
 Animate Skeleton         Necr           0%         N/A       52%         1
 Foxfire                  Conj/Fire      0%         2x1d4     52%         1
 Pain                     Necr           0%         1d4       52%         1
 Slow                     Hex            0%         N/A       52%         1
 Static Discharge         Conj/Air       0%         N/A       67%         2
 Confusing Touch          Hex            0%         N/A       88%         3
 Conjure Flame            Conj/Fire      0%         6-21      88%         3
 Inner Flame              Hex/Fire       0%         N/A       88%         3
 Tukima's Dance           Hex            0%         N/A       88%         3
 Vampiric Draining        Necr           0%         2d6       88%         3
 Flame Wave               Conj/Fire      0%         2d4       99%         4
 Passage of Golubria      Tloc           0%         N/A       99%         4
 Lightning Bolt           Conj/Air       0%         1d11      100%        5
 Yara's Violent Unravell  Hex/Tmut       0%         3d3       100%        5
 Enfeeble                 Hex            0%         N/A       100%        7
 Maxwell's Capacitive Co  Air            0%         ∞         100%        8


Dungeon Overview and Level Annotations

Branches:
Dungeon (8/15)             Temple (0/1) D:6            Lair (3/6) D:8
  Swamp (0/4) Lair:3        Snake (0/4) Lair:2

Altars:
Yredelemnul

Shops:
D:6 (

Portals:
Gauntlet: Lair:3


Message History

You completely miss the elephant.
The elephant tramples you but does no damage.
The elephant trunk-slaps you but does no damage.
The elephant tramples you!
* * * LOW HITPOINT WARNING * * *
You stumble backwards!
You feel much better.
Your water moccasin zombie bites the elephant.
You block the elephant's attack.
The elephant trunk-slaps you but does no damage.
You feel yourself speed up.
Your water moccasin zombie bites the elephant but does no damage.
The elephant tramples you.
* * * LOW HITPOINT WARNING * * *
You hold your ground!
The elephant closely misses you. The elephant misses you.
You block the elephant's attack.
You hit the elephant. You burn the elephant.
The elephant is lightly wounded.
You hit the elephant. You burn the elephant. You slash the elephant!
You burn the elephant.
The elephant is moderately wounded.
You hit the elephant but do no damage.
Your water moccasin zombie bites the elephant but does no damage.
The elephant tramples you!
* * * LOW HITPOINT WARNING * * *
You hold your ground!
The elephant completely misses you. The elephant tramples you.
* * * LOW HITPOINT WARNING * * *
You hold your ground!
The elephant trunk-slaps you.
* * * LOW HITPOINT WARNING * * *
Your water moccasin zombie bites the elephant but does no damage.
The elephant completely misses you. The elephant misses you.
Your water moccasin zombie bites the elephant.
The elephant tramples you!
* * * LOW HITPOINT WARNING * * *
You hold your ground!
The elephant trunk-slaps you but does no damage.
The elephant tramples you.
You die...
Your body rises from the dead as a mindless zombie.

#####.≈≈≈..≈≈≈≈.###..............
####≈≈≈≈..≈..≈≈≈≈#...............
.#PP.≈≈.P....≈≈≈.....#....#..P...
.....≈≈≈≈.>...≈≈.................
.....≈≈.......≈≈≈..<.............
.....≈≈≈.≈.P.≈≈≈.................
......≈≈≈...≈≈≈..................
.......≈≈≈≈≈≈≈....#..##..........
........≈≈≈≈≈...@##...#..........
.....)..#)≈#.###YY+.....##..+#.##
ZZ###....###.P###.Z......##...#.#
P.###....#P...........⌠...#..###.
...##...##P.......#........##.[.+
...#.....##......##.##......#####
...##...###..###P#..##....⌠..###.
.####...# #.## ###............#..
.#.##...###..###..............#..


You could see 2 elephants and a friendly water moccasin zombie.

Vanquished Creatures
  Gastronok (Lair:2)
  A hydra (Lair:2)
  Pikel (D:8)
  3 elephants
  3 cane toads
  2 rime drakes (Lair:2)
  3 komodo dragons
  A polar bear (Lair:1)
  Grinder (D:4)
  3 wyverns (D:8)
  3 basilisks
  A steam dragon (D:6)
  Eustachio (D:5)
  A naga (Lair:2)
  10 water moccasins
  A swamp drake (D:8)
  A sky beast (D:7)
  An orc warrior (D:7)
  2 black bears
  2 ogres
  3 lemures (D:8)
  7 wolves
  2 phantoms
  A kobold brigand (D:8)
  Blork the orc (D:4)
  3 necrophages
  8 bullfrogs
  A scorpion (Lair:2)
  5 wights
  10 killer bees
  3 howler monkeys
  A gnoll shaman (D:7)
  2 orc priests
  3 hounds
  4 jellies
  5 iguanas
  4 orc wizards
  6 gnolls
  10 adders
  2 white imps
  An ufetubus (D:7)
  A worm (D:2)
  3 dart slugs
  26 orcs
  2 bats
  5 endoplasms
  3 giant cockroaches
  4 goblins
  3 hobgoblins
  7 jackals (D:1)
  11 kobolds
  3 quokkas (D:2)
  5 ball pythons
  3 frilled lizards (D:1)
  2 rats (D:2)
202 creatures vanquished.

Vanquished Creatures (collateral kills)
  A hydra (Lair:2)
  A centaur warrior (D:8)
  Urug (Lair:2)
  An elephant (Lair:2)
  A cane toad (Lair:2)
  A komodo dragon (Lair:1)
  A naga (Lair:2)
  A water moccasin (Lair:1)
  3 wolves (Lair:2)
  2 bullfrogs (Lair:2)
  A wyvern zombie (D:8)
  A killer bee (D:7)
  A howler monkey (D:8)
  Jessica (D:2)
  An orc wizard (D:8)
  A killer bee zombie (D:8)
  A gnoll (D:5)
  An adder (D:3)
  A white imp (D:7)
  2 dart slugs
  4 orcs
  2 endoplasms
  A giant cockroach (D:3)
  2 goblins
  A hobgoblin (D:4)
  3 kobolds
  3 ball pythons
  A bat (D:3)
41 creatures vanquished.

Vanquished Creatures (others)
  An elephant zombie (Lair:3)
  A rime drake zombie (Lair:2)
  A water moccasin zombie (D:6)
  2 wolf zombies (Lair:2)
  A black bear zombie (D:5)
  A bullfrog zombie (Lair:2)
  4 killer bee zombies (D:8)
  A naga zombie (Lair:2)
  A howler monkey zombie (D:8)
  A swamp drake zombie (D:8)
  A gnoll zombie (D:5)
  A hobgoblin (D:4)
  A dart slug zombie (D:5)
  2 hobgoblin zombies (D:4)
  6 kobold zombies
  8 orc zombies
  A spectral endoplasm (D:3)
  12 fungi
  11 plants
57 creatures vanquished.

Grand Total: 300 creatures vanquished

Notes
Turn   | Place    | Note
-------+----------+-------------------------------------------
     0 | D:1      | jaega1 the Hill Orc Fighter began the quest for the Orb.
     0 | D:1      | Reached XP level 1. HP: 19/19 MP: 1/1
   168 | D:1      | Reached skill level 3 in Axes
   184 | D:1      | Reached XP level 2. HP: 18/27 MP: 2/2
   347 | D:1      | Reached skill level 4 in Axes
   477 | D:1      | Found a faded altar of an unknown god.
   490 | D:1      | Prayed at the altar of an unknown god.
   490 | D:1      | Became a worshipper of Yredelemnul the Dark
   490 | D:1      | Reached * piety under Yredelemnul
   503 | D:1      | Reached XP level 3. HP: 33/33 MP: 3/3
   896 | D:2      | Reached skill level 5 in Axes
  1014 | D:2      | Reached XP level 4. HP: 40/40 MP: 4/4
  1182 | D:2      | Noticed Jessica
  1188 | D:2      | Killed Jessica
  1189 | D:2      | Reached skill level 6 in Axes
  1647 | D:2      | Reached XP level 5. HP: 46/46 MP: 5/5
  2210 | D:3      | Reached skill level 7 in Axes
  2282 | D:3      | Identified the +2 leather armour of the Many Runes {rF+
                  | Will+}
  2647 | D:4      | Noticed Blork the orc
  2686 | D:4      | Killed Blork the orc
  2687 | D:4      | Reached skill level 8 in Axes
  2687 | D:4      | Reached XP level 6. HP: 36/52 MP: 6/6
  3018 | D:4      | Noticed Grinder
  3030 | D:4      | Reached ** piety under Yredelemnul
  3040 | D:4      | Killed Grinder
  3041 | D:4      | Reached skill level 10 in Axes
  3041 | D:4      | Reached XP level 7. HP: 32/58 MP: 7/7
  3863 | D:5      | Entered Level 5 of the Dungeon
  3885 | D:5      | Reached skill level 11 in Axes
  3969 | D:5      | Reached XP level 8. HP: 43/66 MP: 8/8
  4117 | D:5      | Noticed Eustachio
  4142 | D:5      | Killed Eustachio
  4143 | D:5      | Reached skill level 12 in Axes
  4940 | D:6      | Found a staircase to the Ecumenical Temple.
  4957 | D:6      | Reached skill level 13 in Axes
  5404 | D:6      | Reached skill level 14 in Axes
  5618 | D:6      | Reached XP level 9. HP: 52/71 MP: 9/9
  5749 | D:6      | Found Mirob's Antique Weapon Emporium.
  5756 | D:6      | Bought a glowing war axe for 169 gold pieces
  5807 | D:6      | Reached *** piety under Yredelemnul
  6028 | D:6      | Reached skill level 1 in Invocations
  6253 | D:6      | Reached **** piety under Yredelemnul
  6577 | D:7      | Reached skill level 5 in Armour
  7156 | D:7      | Reached skill level 5 in Invocations
  8965 | D:8      | Reached XP level 10. HP: 64/78 MP: 13/13
  9114 | D:8      | Reached skill level 5 in Shields
  9418 | D:8      | Noticed Pikel
  9430 | D:8      | Killed Pikel
  9823 | D:8      | Noticed a centaur warrior
  9830 | D:8      | Your ally Pikel died
 10015 | D:8      | Killed a centaur warrior
 10161 | D:8      | Found a staircase to the Lair.
 10239 | Lair:1   | Entered Level 1 of the Lair of Beasts
 10239 | Lair:1   | Noticed a cane toad
 10254 | D:8      | Killed a cane toad
 10255 | D:8      | Reached skill level 1 in Dodging
 10751 | Lair:1   | Reached XP level 11. HP: 53/83 MP: 14/14
 10904 | Lair:1   | Reached skill level 5 in Dodging
 12339 | Lair:2   | Found a staircase to the Snake Pit.
 12670 | Lair:2   | Noticed Gastronok
 12672 | Lair:2   | Noticed a four-headed hydra
 12680 | Lair:2   | Reached skill level 15 in Axes
 12684 | Lair:2   | Killed a one-headed hydra
 12691 | Lair:2   | Killed Gastronok
 12692 | Lair:2   | Reached skill level 16 in Axes
 13323 | Lair:2   | Noticed Urug
 13348 | Lair:2   | Killed Urug
 13813 | Lair:2   | Noticed a five-headed hydra
 13820 | Lair:2   | Killed a two-headed hydra
 13821 | Lair:2   | Reached skill level 17 in Axes
 13821 | Lair:2   | Reached XP level 12. HP: 76/91 MP: 18/18
 14219 | Lair:3   | Found a gate leading to a gauntlet.
 14500 | Lair:2   | Reached skill level 10 in Armour
 14511 | Lair:2   | HP: 2/91 [elephant (10)]
 14511 | Lair:2   | Slain by an elephant

Illustrated notes

Levels and vault maps discovered:
D:1:      dreamdust_arrival_beginning_and_end, layout_basic,
          shapermc_ecumenical_altar_totnotflames
D:2:      layout_loops_ring, bh_walls_and_bars, uniq_jessica
D:3:      layout_loops_cross
D:4:      layout_gridville, uniq_blork_the_orc, uniq_grinder
D:5:      layout_cave_pools, nicolae_figureground_sparkle, uniq_eustachio
D:6:      layout_basic, minmay_temple_entry_waves, serial_shops, shop_fountains
D:7:      layout_basic
D:8:      layout_loops_ring, erik_lair_dragon, uniq_pikel
Lair:1:   layout_regular_city, grunt_megastairs_4
Lair:2:   layout_regular_city, guppyfry_snake_entry_island,
          infiniplex_staircase_pool_2, grunt_megastairs_3, uniq_urug,
          uniq_gastronok
Lair:3:   layout_cave_pods, minmay_swamp_entry_swarm, gauntlet_entry_generic,
          gammafunk_lair_bear_cave, lemuel_fruit_tree, lemuel_fruit_fields,
          uniq_fannar

Skill      XL: |  1  2  3  4  5  6  7  8  9 10 11 12 |
---------------+-------------------------------------+-----
Axes           | 3 4 5 6 8 10 11 14 17 | 17.3
Armour         | 4 8 10 | 10.0
Invocations    | 5 8 |  8.2
Shields        | 4 9 |  9.0
Dodging        | 4 5 |  5.0
Fighting       | |  3.6

Action                   |  1- 3 |  4- 6 |  7- 9 | 10-12 || total
-------------------------+-------+-------+-------+-------++-------
Melee: War axe           |    87 |    53 |    87 |   287 ||   514
       Hand axe          |       |    48 |   161 |       ||   209
Invok: Recall Undead Har |       |       |     5 |    18 ||    23
       Dark Bargain      |       |       |     1 |     3 ||     4
  Use: Scroll            |       |     8 |     1 |    12 ||    21
       Potion            |       |       |     1 |     8 ||     9
 Stab: Distracted        |       |     1 |     2 |     3 ||     6
Armor: Scale mail        |    32 |    20 |       |       ||    52
       Leather armour    |       |     9 |    73 |    98 ||   180
Dodge: Dodged            |    45 |    50 |    90 |   209 ||   394
Block: Buckler           |    25 |    24 |    59 |    95 ||   203

Table legend: (Time is in decaauts)
 A = Elapsed time spent in this place.
 B = Non-inter-level travel time spent in this place.
 C = Inter-level travel time spent in this place.
 D = Time resting spent in this place.
 E = Time spent auto-exploring this place.
 F = Levels seen in this place.
 G = Mean time per level.
                   A        B        C        D        E       F      G
               +--------+--------+--------+--------+--------+-----+--------+
         Total |  14450 |  14091 |    359 |   6034 |   5263 |  11 | 1313.6 |
       Dungeon |  10369 |  10080 |    289 |   3940 |   4179 |   8 | 1296.1 |
          Lair |   4081 |   4011 |     70 |   2094 |   1084 |   3 | 1360.3 |
               +--------+--------+--------+--------+--------+-----+--------+

Top non-repeatable levels by time:
  Lair:2: 2296 daAuts
     D:7: 2035 daAuts
     D:8: 1894 daAuts
  Lair:1: 1699 daAuts
     D:6: 1506 daAuts
     D:4: 1204 daAuts
     D:5: 1028 daAuts
     D:2: 946 daAuts
     D:3: 946 daAuts
     D:1: 808 daAuts
  Lair:3: 85 daAuts
